 Dungeon Crawl Stone Soup version 0.30.1-4-g462c640d31 (webtiles) character file.

Game seed: 13043483910561783379

7219 Sanktem7 the Cleaver (level 10, 0/91 HPs)
             Began as a Minotaur Fighter on Aug 12, 2023.
             Was an Elder of Okawaru.
             Slain by an 11-headed hydra (1 damage)
             ... on level 9 of the Dungeon on Aug 21, 2023.
             The game lasted 00:17:22 (8008 turns).

Sanktem7 the Cleaver (Minotaur Fighter)             Turns: 8008, Time: 00:17:23

Health: 0/91       AC: 21    Str: 29    XL:     10   Next: 87%
Magic:  9/9        EV:  7    Int:  5    God:    Okawaru [****..]
Gold:   435        SH: 11    Dex: 15    Spells: 9/9 levels left

rFire   + . .        y - +3 war axe of Wuysas {heavy, Fragile +Blink Will++ Stlth+, axe}
rCold   + . .        c - +0 buckler
rNeg    . . .        H - +0 plate armour
rPois   .            (helmet restricted)
rElec   .            v - scarf {rC+ rF+}
rCorr   .            p - +2 pair of gloves {Str+3}
SInv    .            t - +2 pair of boots
Will    ++...        j - amulet of reflection Stlth
                     u - +6 ring of dexterity
HPRegen 0.35/turn    (no ring)
MPRegen 0.11/turn

%: reflection
@: no status effects
A: horns 2, retaliatory headbutt
a: Renounce Religion, Evoke Blink, Heroism, Finesse


You were on level 9 of the Dungeon.
You worshipped Okawaru.
Okawaru was greatly pleased with you.
You visited 2 branches of the dungeon, and saw 10 of its levels.

You collected 435 gold pieces.


Innate Abilities, Weirdness & Mutations

You have a pair of horns on your head.
You reflexively headbutt those who attack you in melee.


   Skills:
 + Level 9.3 Fighting
 * Level 12.4 Axes
 + Level 4.4 Throwing
 + Level 9.4 Armour
 + Level 9.4 Shields


You had 9 spell levels left.
You didn't know any spells.
Your spell library contained the following spells:

 Spells                   Type           Power      Damage    Failure   Level
 Lesser Beckoning         Tloc           0%         N/A       100%        2
 Poisonous Vapours        Pois/Air       0%         N/A       100%        2
 Dazzling Flash           Conj/Hex       0%         N/A       100%        3
 Gell's Gravitas          Tloc           0%         N/A       100%        3
 Inner Flame              Hex/Fire       0%         N/A       100%        3
 Mephitic Cloud           Conj/Pois/Air  0%         N/A       100%        3
 Teleport Other           Tloc           0%         N/A       100%        3
 Agony                    Necr           0%         N/A       100%        5
 Freezing Cloud           Conj/Ice/Air   0%         6-21      100%        5
 Silence                  Hex/Air        0%         N/A       100%        5
 Yara's Violent Unravell  Hex/Tmut       0%         3d3       100%        5
 Statue Form              Tmut/Erth      0%         N/A       100%        6
 Enfeeble                 Hex            0%         N/A       100%        7
 Summon Small Mammal      Summ           Unusable   N/A       N/A         1
 Malign Gateway           Summ/Tloc      Unusable   N/A       N/A         7
 Summon Horrible Things   Summ           Unusable   N/A       N/A         8

Inventory:

Hand Weapons
 a - a +0 war axe {axe}
 y - the +3 war axe of Wuysas (weapon) {heavy, Fragile +Blink Will++ Stlth+, axe}
   (You found it on level 5 of the Dungeon)

   +Blink:    It lets you blink.
   Fragile:   It will be destroyed if unequipped.
   Will:      It greatly increases your willpower.
   Stlth:     It makes you more stealthy.
Missiles
 h - 44 stones (quivered) {throwing}
 m - 13 poisoned darts {throwing}
 s - 6 boomerangs {throwing}
 G - 4 curare-tipped darts {=fthrowing}
Armour
 c - a +0 buckler (worn)
 p - a +2 pair of gloves of strength (worn)
   (You found it on level 8 of the Dungeon)
 t - a +2 pair of boots (worn)
   (You found it on level 4 of the Dungeon)
 v - a scarf of resistance (worn)
   (You found it on level 5 of the Dungeon)
 H - a +0 plate armour (worn)
   (You took it off an orc warrior on level 6 of the Dungeon)
Jewellery
 j - an amulet of reflection (around neck)
   (You found it on level 1 of the Dungeon)
 u - a +6 ring of dexterity (left hand)
   (You found it on level 5 of the Dungeon)
Wands
 e - a wand of iceblast (9)
   (You found it on level 8 of the Dungeon)
 n - a wand of paralysis (10)
   (You found it on level 4 of the Dungeon)
 o - a wand of flame (6)
   (You found it on level 9 of the Dungeon)
 z - a wand of quicksilver (7)
   (You found it on level 5 of the Dungeon)
Scrolls
 b - a scroll of summoning
 g - a scroll of identify {@r1}
 x - 4 scrolls of teleportation {@r4}
 B - a scroll of immolation {unknown}
 C - 2 scrolls of blinking {unknown}
 E - a scroll of torment {unknown}
Potions
 d - a potion of might
 f - 3 potions of brilliance
 i - 3 potions of flight
 k - 4 potions of degeneration {!q@e2}
 l - a potion of berserk rage {unknown}
 q - a potion of mutation {unknown}
 r - 2 potions of magic {unknown}
 w - 4 potions of curing {@q1}
 A - 3 potions of heal wounds {unknown}
 D - a potion of resistance {unknown}

Dungeon Overview and Level Annotations

Branches:
Dungeon (9/15) Zot: 25720  Temple (1/1) D:7 Zot: 5630    Lair (0/5) D:9
    Orc: D:9-12

Altars:
Ashenzari
Cheibriados
Dithmenos
Elyvilon
Fedhas
Gozag
Hepliaklqana
Kikubaaqudgha
Makhleb
Nemelex Xobeh
Okawaru
Qazlal
Ru
Sif Muna
Trog
Uskayaw
Vehumet
Wu Jian
Xom
Yredelemnul
Zin
The Shining One

Shops:
D:9 =

Annotations:
D:3 2 transporters, rvierbuc's ghost, amateur DgCj

#........>. ##♣.
########.......... ...
#.................
##..##...............##
.#P...#....).........###
$P....P.######......##
#........# ##..##...#
#.....D..# #...###..#
#@.####..## #..##
##..##..## #...#
.####....#.)# ##..#
#..........)## #..##
.....###.....# ###..#
..### ###.......#..##. #
#.###...###### .#. #.##
# .# ## ## #


You could see a 11-headed hydra.


Message History

You are too injured to fight recklessly!
You are too injured to fight recklessly!
You are too injured to fight recklessly!
You hit the troll. The troll misses you.
The troll claws you but does no damage. You block the troll's attack.
You slice the troll!!
You kill the troll!
Okawaru accepts your kill. 😕 HP[+1] Unknown command.
Key pressed, stopping explore.
A troll comes into view. 😕 HP[+15]
You regained 15 hp, and now have 84/91 hp.
A troll is nearby!
A troll is nearby! 😕 HP[+1]
You closely miss the troll. You block the troll's attack.
The troll claws you but does no damage. x2
The troll bites you but does no damage. You block the troll's attack.
The troll claws you but does no damage.
You barely miss the troll. The troll bites you! You block the troll's attack.
The troll barely misses you. 😕 HP[-13]
You take 13 damage, and now have 72/91 hp.
You hit the troll. You block the troll's attack. x2
The troll barely misses you.
You chop the troll into pieces!!! You block the troll's attack. x3
The troll bites you but does no damage. You block the troll's attack.
The troll barely misses you. 😕 HP[+1]
You slash the troll!
You kill the troll!
Okawaru accepts your kill.
No target in view!
No target in view!
An eight-headed hydra comes into view. 😕 HP[+12]
You regained 12 hp, and now have 85/91 hp.
An eight-headed hydra is nearby!
An eight-headed hydra is nearby!
An eight-headed hydra is nearby!
The eight-headed hydra roars! 😕 HP[+1]
You slice one of the eight-headed hydra's heads off!
The seven-headed hydra grows two more!
You slice the nine-headed hydra!! You headbutt the nine-headed hydra!
The nine-headed hydra bites you!
You block the nine-headed hydra's attack.
The nine-headed hydra bites you!
The nine-headed hydra bites you but does no damage.
The nine-headed hydra closely misses you.
You block the nine-headed hydra's attack.
The nine-headed hydra closely misses you.
The nine-headed hydra completely misses you.
The nine-headed hydra bites you but does no damage. 😮 HP[-18]
You take 18 damage, and now have 68/91 hp.
You are too injured to fight recklessly!
You are too injured to fight recklessly!
You are too injured to fight recklessly!
You are too injured to fight recklessly!
You are too injured to fight recklessly!
You are too injured to fight recklessly!
You are too injured to fight recklessly!
You are too injured to fight recklessly!
You slice one of the nine-headed hydra's heads off!
The eight-headed hydra grows two more!
You slash the ten-headed hydra! The ten-headed hydra bites you.
The ten-headed hydra bites you but does no damage.
The ten-headed hydra bites you.
The ten-headed hydra bites you but does no damage. x4
The ten-headed hydra bites you!
You block the ten-headed hydra's attack.
The ten-headed hydra bites you. 😮 HP[-21]
You take 21 damage, and now have 47/91 hp.
MASSIVE DAMAGE!! (PAUSE)
You slice one of the ten-headed hydra's heads off!
The nine-headed hydra grows two more!
You slice the 11-headed hydra!!
The 11-headed hydra bites you but does no damage.
The 11-headed hydra bites you.
* * * LOW HITPOINT WARNING * * *
The 11-headed hydra bites you but does no damage.
You block the 11-headed hydra's attack. The 11-headed hydra closely misses you.
The 11-headed hydra bites you!
* * * LOW HITPOINT WARNING * * *
The 11-headed hydra bites you but does no damage. x2
You block the 11-headed hydra's attack.
The 11-headed hydra bites you but does no damage.
You block the 11-headed hydra's attack. The 11-headed hydra bites you!
* * * LOW HITPOINT WARNING * * *
The 11-headed hydra bites you!
* * * LOW HITPOINT WARNING * * *
The 11-headed hydra bites you but does no damage. x4
The 11-headed hydra bites you!
* * * LOW HITPOINT WARNING * * *
The 11-headed hydra bites you.
* * * LOW HITPOINT WARNING * * *
The 11-headed hydra bites you.
You die...

Skill      XL: |  1  2  3  4  5  6  7  8  9 10 |
---------------+-------------------------------+-----
Axes           | 3 4 5 6 7 9 10 12 | 12.4
Armour         | 4 5 6 7 8 9 |  9.4
Shields        | 4 5 6 7 8 9 |  9.4
Fighting       | 4 5 6 7 8 9 |  9.3
Throwing       | 2 4 |  4.4

Action                     |  1- 3 |  4- 6 |  7- 9 | 10-12 || total
---------------------------+-------+-------+-------+-------++-------
  Melee: War axe           |    67 |    89 |   144 |    75 ||   375
         Headbutt          |     5 |    11 |    18 |    14 ||    48
    Use: Scroll            |       |       |    12 |       ||    12
 Armour: Chain mail        |    32 |    38 |    69 |       ||   139
         Scale mail        |     2 |       |       |       ||     2
         Plate armour      |       |       |    25 |    79 ||   104
  Dodge: Dodged            |    28 |    33 |    45 |    33 ||   139
  Block: Buckler           |    29 |    52 |   111 |    73 ||   265
         Reflection        |       |     3 |     5 |     2 ||    10

Levels and vault maps discovered:
D:1:      saegor_arrival_simple_e, layout_rooms, minmay_misc_feat_tower
D:2:      layout_basic
D:3:      layout_basic, mainiacjoe_overflow_swirl,
          ebering_ecumenical_altar_hall, gammafunk_ghost_smash, serial_forest,
          infiniplex_forest_end_1, infiniplex_forest_clump_cross,
          infiniplex_forest_clump_diagonal, infiniplex_forest_zigzag_1,
          infiniplex_forest_clump_medium, infiniplex_forest_clump_cross,
          infiniplex_forest_straight_4, infiniplex_forest_clump_small,
          uniq_jessica
D:4:      layout_loops_corners, mainiacjoe_overflow_tiny_flanked
D:5:      layout_cave_pools
D:6:      layout_basic
D:7:      layout_cave_pools, mainiacjoe_overflow_big_doors,
          minmay_temple_entry_purple_smoke
D:8:      layout_cave_pools
D:9:      layout_layer_cave, hellmonk_lair_entry_icy, serial_shops,
          nicolae_shop_statue_plus, hellmonk_guarded_unrand_vines
Temple:   bh_familiar_temple

Notes
Turn   | Place    | Note
-------+----------+-------------------------------------------
     0 | D:1      | Sanktem7 the Minotaur Fighter began the quest for the Orb.
     0 | D:1      | Reached XP level 1. HP: 19/19 MP: 0/0
     0 | D:1      | magus.rc [v1.9.6]
   108 | D:1      | Reached XP level 2. HP: 27/27 MP: 1/1
   140 | D:1      | Reached skill level 3 in Axes
   271 | D:1      | You add the spells Summon Small Mammal, Statue Form and
                  | Summon Horrible Things to your library.
   271 | D:1      | Got Sif Muna's Quarto of the Reshaped Legion
   630 | D:2      | You pick up a book of the Senses and begin reading...
   630 | D:2      | You add the spells Dazzling Flash, Agony and Silence to
                  | your library.
   711 | D:2      | Reached skill level 4 in Armour
   711 | D:2      | Reached XP level 3. HP: 33/33 MP: 2/2
   763 | D:2      | Reached skill level 4 in Shields
   796 | D:2      | Reached skill level 4 in Fighting
  1080 | D:3      | Found a faded altar of an unknown god.
  1116 | D:3      | Noticed Jessica
  1121 | D:3      | Killed Jessica
  1122 | D:3      | Reached skill level 4 in Axes
  1122 | D:3      | Reached XP level 4. HP: 31/40 MP: 3/3
  1194 | D:3      | Found a transporter.
  1194 | D:3      | Noticed a scorpion
  1195 | D:3      | Noticed rvierbuc's ghost (amateur DgCj)
  1196 | D:3      | Found a transporter.
  1196 | D:3      | Noticed an ogre
  1197 | D:3      | Noticed an ogre
  1202 | D:3      | Killed a scorpion
  1203 | D:3      | Reached XP level 5. HP: 47/47 MP: 4/4
  1395 | D:3      | Found a sacrificial altar of Ru.
  1404 | D:3      | Found an ancient bone altar of Kikubaaqudgha.
  2107 | D:4      | Reached skill level 5 in Axes
  2108 | D:4      | HP: 10/47 [gnoll/+0 spear[a gnoll bouda] (2)]
  2112 | D:4      | Reached XP level 6. HP: 13/55 MP: 5/5
  2438 | D:4      | Reached skill level 5 in Armour
  2454 | D:4      | Found an opulent altar of Gozag.
  2519 | D:4      | Reached skill level 5 in Shields
  2589 | D:4      | Reached skill level 5 in Fighting
  2817 | D:4      | You pick up a book of Misfortune and begin reading...
  2817 | D:4      | You add the spells Inner Flame, Yara's Violent Unravelling
                  | and Enfeeble to your library.
  2948 | D:5      | Entered Level 5 of the Dungeon
  3131 | D:5      | Reached skill level 6 in Axes
  3131 | D:5      | Reached XP level 7. HP: 61/61 MP: 6/6
  3151 | D:5      | Identified the +3 war axe of Wuysas {heavy, Fragile +Blink
                  | Will++ Stlth+}
  3338 | D:5      | Reached skill level 7 in Axes
  3346 | D:5      | Reached skill level 6 in Armour
  3351 | D:5      | Reached skill level 6 in Shields
  3354 | D:5      | Reached skill level 6 in Fighting
  3486 | D:5      | You pick up a book of Displacement and begin reading...
  3486 | D:5      | You add the spells Lesser Beckoning, Gell's Gravitas and
                  | Teleport Other to your library.
  3974 | D:6      | Reached XP level 8. HP: 68/70 MP: 7/7
  4220 | D:6      | Reached skill level 8 in Axes
  4449 | D:6      | You pick up a book of Vapours and begin reading...
  4449 | D:6      | You add the spells Poisonous Vapours, Mephitic Cloud and
                  | Freezing Cloud to your library.
  4576 | D:7      | Reached skill level 7 in Fighting
  4576 | D:7      | Reached skill level 9 in Axes
  4576 | D:7      | Reached skill level 7 in Armour
  4576 | D:7      | Reached skill level 7 in Shields
  4836 | D:7      | Found a staircase to the Ecumenical Temple.
  4863 | Temple   | Entered the Ecumenical Temple
  4869 | Temple   | Reached XP level 9. HP: 34/79 MP: 8/8
  5620 | D:7      | Found an iron altar of Okawaru.
  5625 | D:7      | Found a glowing silver altar of Zin.
  5747 | D:7      | Became a worshipper of Warmaster Okawaru
  5846 | D:6      | magus.rc [v1.9.6]
  6021 | D:8      | Reached skill level 1 in Throwing
  6057 | D:8      | Reached skill level 10 in Axes
  6363 | D:8      | Reached skill level 8 in Armour
  6443 | D:8      | Reached * piety under Okawaru
  6444 | D:8      | Reached skill level 2 in Throwing
  6444 | D:8      | Reached skill level 8 in Shields
  6445 | D:8      | Reached skill level 8 in Fighting
  6616 | D:8      | Reached XP level 10. HP: 82/89 MP: 9/9
  6771 | D:9      | Noticed a two-headed ogre
  6779 | D:9      | Killed a two-headed ogre
  6779 | D:9      | Reached ** piety under Okawaru
  6780 | D:9      | Reached skill level 11 in Axes
  6780 | D:9      | Reached skill level 3 in Throwing
  7018 | D:9      | Reached *** piety under Okawaru
  7222 | D:9      | Reached skill level 9 in Armour
  7226 | D:9      | Reached skill level 9 in Shields
  7227 | D:9      | Reached skill level 9 in Fighting
  7231 | D:9      | Reached skill level 12 in Axes
  7231 | D:9      | Reached skill level 4 in Throwing
  7232 | D:9      | Found a staircase to the Lair.
  7358 | D:9      | Reached **** piety under Okawaru
  7452 | D:9      | Found Vepp's Jewellery Shoppe.
  8002 | D:9      | Noticed an eight-headed hydra
  8008 | D:9      | HP: 16/91 [11-headed hydra (7)]
  8008 | D:9      | HP: 6/91 [11-headed hydra (10)]
  8008 | D:9      | HP: 1/91 [11-headed hydra (5)]
  8008 | D:9      | Slain by an 11-headed hydra

Vanquished Creatures
  A two-headed ogre (D:9)
  A rime drake (D:9)
  A kobold demonologist (D:9)
  4 trolls (D:9)
  A vampire (D:9)
  5 yaks (D:8)
  A wraith (D:9)
  2 wyverns
  2 steam dragons
  4 ice beasts (D:9)
  2 orc warriors
  A black bear (D:5)
  3 sky beasts
  2 ogres (D:5)
  2 wolves (D:9)
  4 centaurs
  2 phantoms
  4 bullfrogs
  A kobold brigand (D:9)
  5 scorpions
  3 wights (D:9)
  3 killer bees
  2 howler monkeys
  3 jellies
  A gnoll bouda (D:4)
  2 hounds
  3 orc priests
  A sleepcap (D:4)
  Jessica (D:3)
  2 iguanas
  13 orc wizards
  5 gnolls (D:4)
  10 adders
  A shadow imp (D:6)
  2 ufetubi
  A worm (D:2)
  5 dart slugs
  24 orcs
  5 endoplasms
  2 giant cockroaches
  2 hobgoblins
  A quokka (D:3)
  7 ball pythons
  7 bats
  3 frilled lizards
  12 goblins
  8 kobolds
  4 rats
181 creatures vanquished.

Table legend:
 A = Non-vault XP
 B = Vault XP
 C = Vault XP percentage of total XP
 D = Non-vault monster count
 E = Vault monster count
 F = Vault count percentage of total count
                 A         B        C        D         E       F
            +---------+---------+-------+---------+---------+-------
      Total |    8499 |    1815 |  17.6 |     171 |      10 |   5.5
            +---------+---------+-------+---------+---------+-------
        D:1 |      35 |       0 |   0.0 |      21 |       0 |   0.0
        D:2 |      30 |       0 |   0.0 |      10 |       0 |   0.0
        D:3 |     161 |      37 |  18.7 |      15 |       1 |   6.2
        D:4 |     271 |       0 |   0.0 |      23 |       0 |   0.0
        D:5 |     805 |       0 |   0.0 |      19 |       0 |   0.0
        D:6 |    1002 |       0 |   0.0 |      21 |       0 |   0.0
        D:7 |     706 |       0 |   0.0 |      11 |       0 |   0.0
        D:8 |    2426 |       0 |   0.0 |      29 |       0 |   0.0
        D:9 |    2941 |    1778 |  37.7 |      20 |       9 |  31.0
     Temple |     122 |       0 |   0.0 |       2 |       0 |   0.0
            +---------+---------+-------+---------+---------+-------

Skill      XL: |  1  2  3  4  5  6  7  8  9 10 |
---------------+-------------------------------+-----
Axes           | 3 4 5 6 7 9 10 12 | 12.4
Armour         | 4 5 6 7 8 9 |  9.4
Shields        | 4 5 6 7 8 9 |  9.4
Fighting       | 4 5 6 7 8 9 |  9.3
Throwing       | 2 4 |  4.4

Action                     |  1- 3 |  4- 6 |  7- 9 | 10-12 || total
---------------------------+-------+-------+-------+-------++-------
  Melee: War axe           |    67 |    89 |   144 |    75 ||   375
         Headbutt          |     5 |    11 |    18 |    14 ||    48
    Use: Scroll            |       |       |    12 |       ||    12
 Armour: Chain mail        |    32 |    38 |    69 |       ||   139
         Scale mail        |     2 |       |       |       ||     2
         Plate armour      |       |       |    25 |    79 ||   104
  Dodge: Dodged            |    28 |    33 |    45 |    33 ||   139
  Block: Buckler           |    29 |    52 |   111 |    73 ||   265
         Reflection        |       |     3 |     5 |     2 ||    10

Illustrated notes

Table legend:
 A = Kills in this place as a percentage of kills in the entire game.
 B = Kills by you in this place as a percentage of kills by you in the entire game.
 C = Kills by friends in this place as a percentage of kills by friends in the entire game.
 D = Other kills in this place as a percentage of other kills in the entire game.
 E = Experience gained in this place as a percentage of experience gained in the entire game.
 F = Experience gained in this place divided by the number of levels of this place that you have seen.
                   A       B       C       D       E      F
               +-------+-------+-------+-------+-------+----------------------
         Total | 100.0 | 100.0 |   N/A |   N/A | 100.0 | 1031.4
       Dungeon |  98.9 |  98.9 |   N/A |   N/A |  98.8 | 1132.4
        Temple |   1.1 |   1.1 |   N/A |   N/A |   1.2 | 122.0
               +-------+-------+-------+-------+-------+----------------------

Table legend: (Time is in decaauts)
 A = Elapsed time spent in this place.
 B = Non-inter-level travel time spent in this place.
 C = Inter-level travel time spent in this place.
 D = Time resting spent in this place.
 E = Time spent auto-exploring this place.
 F = Levels seen in this place.
 G = Mean time per level.
                   A        B        C        D        E       F      G
               +--------+--------+--------+--------+--------+-----+--------+
         Total |   8175 |   7826 |    349 |     38 |   6656 |  10 |  817.5 |
       Dungeon |   7806 |   7488 |    318 |     38 |   6334 |   9 |  867.3 |
        Temple |    369 |    338 |     31 |      0 |    322 |   1 |  369.0 |
               +--------+--------+--------+--------+--------+-----+--------+

Top non-repeatable levels by time:
     D:9: 1278 daAuts
     D:4: 1115 daAuts
     D:7: 906 daAuts
     D:5: 888 daAuts
     D:6: 876 daAuts
     D:8: 863 daAuts
     D:3: 786 daAuts
     D:2: 612 daAuts
     D:1: 479 daAuts
  Temple: 369 daAuts
